 Dungeon Crawl Stone Soup version 0.31-a0-859-g9dce7d3444 (webtiles) character file.

Game seed: 3787356618941235898

105 TheGamechu the Trooper (level 4, -1/41 HPs)
             Began as a Hill Orc Fighter on Oct 9, 2023.
             Slain by a cerulean imp
             ... wielding a +1 spear
             ... summoned by Natasha
              (5 damage)
             ... on level 2 of the Dungeon.
             The game lasted 00:02:29 (963 turns).

TheGamechu the Trooper (Hill Orc Fighter)            Turns: 963, Time: 00:02:30

Health: -1/41      AC:  7    Str: 18    XL:     4   Next: 81%
Magic:  4/4        EV:  9    Int:  8    God:
Gold:   77         SH: 10    Dex: 12    Spells: 3/3 levels left

rFire   . . .        l - +2 mace (protect)
rCold   . . .        c - +0 buckler
rNeg    . . .        b - +0 scale mail
rPois   .            (no helmet)
rElec   .            (no cloak)
rCorr   .            (no gloves)
SInv    .            (no boots)
Will    .....        n - amulet of reflection Stlth
                     (no ring)
HPRegen 0.26/turn    (no ring)
MPRegen 0.09/turn

%: reflection
@: brilliant, attractive, hasted, very quick
A: no striking features
a: no special abilities


You were on level 2 of the Dungeon.
You visited 1 branch of the dungeon, and saw 2 of its levels.

You collected 77 gold pieces.

Inventory:

Hand Weapons
 a - a +0 war axe
 l - a +2 mace of protection (weapon)
Missiles
 f - 19 stones (quivered)
 k - 4 poisoned darts
Armour
 b - a +0 scale mail (worn)
 c - a +0 buckler (worn)
Jewellery
 e - a ring of magical power
 n - an amulet of reflection (around neck)
Scrolls
 h - a scroll of fog {unknown}
 m - 2 scrolls of noise {unknown}
Potions
 d - a potion of might


   Skills:
 + Level 4.5 Fighting
 + Level 4.0 Axes
 + Level 4.1 Armour
 + Level 4.1 Shields


You had 3 spell levels left.
You didn't know any spells.
Your spell library was empty.

Dungeon Overview and Level Annotations

Branches:
Dungeon (2/15)

Altars:

Annotations:
D:2 Natasha, Sigmund


Message History

You feel disoriented. Natasha attacks as she pursues you!
Natasha claws you but does no damage.
You feel yourself speed up.
The cerulean imp hits you but does no damage.
Natasha stares at you and mumbles some strange words.
The magic dart hits you.
* * * LOW HITPOINT WARNING * * *
The cerulean imp hits you but does no damage.
Unknown command.
The cerulean imp attacks as it pursues you!
You block the cerulean imp's attack.
Natasha stares at you and mumbles some strange words.
The magic dart hits you.
* * * LOW HITPOINT WARNING * * *
The cerulean imp attacks as it pursues you!
The cerulean imp hits you from afar with a +2 spear.
* * * LOW HITPOINT WARNING * * *
Natasha wildly gestures.
Natasha glows brightly for a moment.
It was a potion of attraction.
You feel attractive to monsters. You block the cerulean imp's attack.
The cerulean imp is attracted toward you. x2
The endoplasm is attracted toward you. Something is attracted toward you.
The cerulean imp disappears in a puff of smoke!
The endoplasm jiggles.
Natasha howls an incantation.
Natasha's front paws start to glow.
The cerulean imp barely misses you. You block the cerulean imp's attack.
The cerulean imp is attracted toward you.
Natasha is attracted toward you. The goblin is attracted toward you.
The endoplasm is attracted toward you. Something is attracted toward you.
It was a potion of brilliance.
You feel clever all of a sudden.
Natasha mumbles some strange words.
Natasha's front paws start to glow.
The cerulean imp hits you from afar with a +1 spear.
* * * LOW HITPOINT WARNING * * *
The cerulean imp hits you from afar with a +1 spear.
You die...

#.# .... #####.# ...
##...#.# ..# # ##......# ..#
#.##.......### ..#
#............####†.#
####.......§.§....)#
######†h5{.§........# #####
#....@.5Jgg..§....#.#
#...####.##########..###..?#
#........# #..# #####
#...###### #...# ##.## ##..#
#.# #..# #.# #..# #.####
#..# #....# #..#


You could see Natasha, 2 cerulean imps, an endoplasm and a goblin.

Vanquished Creatures
  Terence (D:2)
  Natasha (D:2)
  2 adders (D:2)
  A worm (D:2)
  A dart slug (D:2)
  4 ball pythons
  An endoplasm (D:2)
  A giant cockroach (D:2)
  4 hobgoblins
  4 jackals (D:1)
  A kobold (D:2)
  2 quokkas
  4 bats
  3 frilled lizards
  4 rats
34 creatures vanquished.

Notes
Turn   | Place    | Note
-------+----------+-------------------------------------------
     0 | D:1      | TheGamechu the Hill Orc Fighter began the quest for the
                  | Orb.
     0 | D:1      | Reached XP level 1. HP: 19/19 MP: 1/1
   110 | D:1      | Reached XP level 2. HP: 25/27 MP: 2/2
   703 | D:2      | Reached XP level 3. HP: 33/33 MP: 3/3
   792 | D:2      | Noticed Terence
   802 | D:2      | Killed Terence
   803 | D:2      | Reached XP level 4. HP: 40/40 MP: 4/4
   881 | D:2      | Noticed Natasha
   891 | D:2      | Killed Natasha
   934 | D:2      | Noticed Sigmund
   937 | D:2      | Noticed Natasha
   963 | D:2      | Slain by a cerulean imp

Illustrated notes

Levels and vault maps discovered:
D:1:      tarquinn_simple_flora_water_a, layout_rooms, serial_rivers,
          chequers_serial_rivers_large_b, chequers_serial_rivers_small_3,
          chequers_serial_rivers_micro_d, chequers_serial_rivers_small_b,
          chequers_serial_rivers_micro_a, minmay_bisected
D:2:      layout_loops_ring, uniq_natasha, uniq_terence, uniq_sigmund

Skill      XL: |  1  2  3  4 |
---------------+-------------+-----
Axes           | 3 4 |  4.0
Fighting       | 4 |  4.5
Armour         | 4 |  4.1
Shields        | 4 |  4.1

Action                     |  1- 3 |  4- 6 || total
---------------------------+-------+-------++-------
  Melee: War axe           |    41 |       ||    41
         Mace              |    64 |    34 ||    98
  Throw: Stone             |     2 |       ||     2
    Use: Potion            |       |     3 ||     3
         Scroll            |       |     1 ||     1
 Armour: Scale mail        |    99 |    44 ||   143
  Dodge: Dodged            |    64 |    16 ||    80
  Block: Buckler           |    31 |    23 ||    54
         Reflection        |       |     1 ||     1

Table legend: (Time is in decaauts)
 A = Elapsed time spent in this place.
 B = Non-inter-level travel time spent in this place.
 C = Inter-level travel time spent in this place.
 D = Time resting spent in this place.
 E = Time spent auto-exploring this place.
 F = Levels seen in this place.
 G = Mean time per level.
                   A        B        C        D        E       F      G
               +--------+--------+--------+--------+--------+-----+--------+
         Total |   1067 |   1058 |      9 |      0 |    745 |   2 |  533.5 |
       Dungeon |   1067 |   1058 |      9 |      0 |    745 |   2 |  533.5 |
               +--------+--------+--------+--------+--------+-----+--------+

Top non-repeatable levels by time:
     D:1: 744 daAuts
     D:2: 322 daAuts
